 Dungeon Crawl Stone Soup version 0.29.0-4-gdea44cf6ec (webtiles) character file.

Game seed: 17476291779455168328

18291 qw the Brawler (level 12, -2/118 HPs)
             Began as a Troll Cinder Acolyte on Sept 3, 2022.
             Was an Initiate of Ignis.
             Slain by a 14-headed hydra (5 damage)
             ... on level 3 of the Lair of Beasts.
             The game lasted 00:07:19 (13278 turns).

qw the Brawler (Troll Cinder Acolyte)              Turns: 13278, Time: 00:07:20

Health: -2/118     AC: 10    Str: 29    XL:     12   Next: 26%
Magic:  12/12      EV: 13    Int: 10    God:    Ignis [......]
Gold:   728        SH:  5    Dex:  5    Spells: 13/13 levels left

rFire   + . .      SeeInvis +     - Unarmed
rCold   + . .      Faith    .   (no shield)
rNeg    . . .      Spirit   .   f - +0 acid dragon scales
rPois   +          Reflect  +   z - +2 hat {SInv}
rElec   .          Harm     .   t - +2 cloak
rCorr   +          Rampage  .   (gloves unavailable)
Will    .....                   (boots unavailable)
Stlth   ..........              x - amulet of reflection
HPRegen 1.09/turn               c - ring of poison resistance
MPRegen 0.13/turn               y - +4 ring of evasion

@: about to teleport, corroded
A: large, unfitting armour, claws 3, regeneration 1, shaggy fur 1, tough skin 1,
horns 1, cold resistance 1
a: Renounce Religion, Rising Flame


You were on level 3 of the Lair of Beasts.
You worshipped Ignis.
Ignis was noncommittal.
You visited 2 branches of the dungeon, and saw 12 of its levels.
You also visited: Sewer.

You collected 728 gold pieces.


Innate Abilities, Weirdness & Mutations

You are too large for most types of armour.
You have claws for hands.
Your natural rate of healing is unusually fast.
You are covered in fur. (AC +1)
You have tough skin. (AC +1)
You have a pair of small horns on your head.
Your flesh is cold resistant. (rC+)


   Skills:
 - Level 7.0 Fighting
 + Level 4.7 Throwing
 - Level 3.3 Armour
 - Level 2.1 Dodging
 - Level 17.2 Unarmed Combat
 - Level 1.0 Spellcasting
 - Level 2.1 Fire Magic


You had 13 spell levels left.
You didn't know any spells.
Your spell library contained the following spells:

 Spells                   Type           Power      Damage    Failure   Level
 Scorch                   Fire           8%         2d5       26%         2

Inventory:

Missiles
 j - 2 javelins (quivered)
 v - 4 boomerangs
Armour
 f - +0 acid dragon scales (worn)
 t - a +2 cloak (worn)
 z - a +2 hat of see invisible (worn)
Jewellery
 c - a ring of poison resistance (left claw)
 m - a ring of fire
 n - a ring of ice
 q - a ring of see invisible
 w - a ring of poison resistance
 x - an amulet of reflection (around neck)
 y - a +4 ring of evasion (right claw)
Scrolls
 b - a scroll of teleportation
 d - 3 scrolls of identify
Potions
 g - 2 potions of resistance
 h - 2 potions of mutation
 i - a potion of might
 k - a potion of haste
 p - 6 potions of curing
 u - a potion of cancellation

Dungeon Overview and Level Annotations

Branches:
Dungeon (9/15)             Temple (0/1) D:7            Lair (3/5) D:9
 Shoals (0/4) Lair:2        Sewer (visited)
  Snake: Lair:2-3    Spider: Lair:2-3       Orc: D:9-12

Altars:
Cheibriados
Dithmenos
Elyvilon
Fedhas
Hepliaklqana
Qazlal
Uskayaw
Yredelemnul

Annotations:
D:6 2 runed translucent doors, qw's ghost, novice TrCA


Message History

The 11-headed hydra bites you but does no damage.
You block the 11-headed hydra's attack. x2; The 11-headed hydra bites you. x2
The 11-headed hydra bites you! The 11-headed hydra bites you. x2
The 11-headed hydra barely misses you.
You rip one of the 11-headed hydra's heads off!
The ten-headed hydra grows two more!
You eviscerate the 12-headed hydra!!!
The 12-headed hydra is almost dead.
You tear one of the 12-headed hydra's heads off!
The 11-headed hydra grows two more!
You scratch the 13-headed hydra.
The 13-headed hydra is severely wounded.
The 13-headed hydra bites you! You block the 13-headed hydra's attack.
The 13-headed hydra bites you. The 13-headed hydra barely misses you.
The 13-headed hydra bites you. The 13-headed hydra misses you.
The 13-headed hydra bites you but does no damage.
The 13-headed hydra bites you. You block the 13-headed hydra's attack.
The 13-headed hydra bites you but does no damage.
The 13-headed hydra barely misses you. The 13-headed hydra bites you!
You block the 13-headed hydra's attack.
You claw one of the 13-headed hydra's heads off!
The 12-headed hydra grows two more!
You claw the 14-headed hydra!
Your headbutt misses the 14-headed hydra.
The 14-headed hydra is almost dead.
The 14-headed hydra barely misses you. The 14-headed hydra bites you!
The 14-headed hydra bites you but does no damage. x2
The 14-headed hydra bites you! x2; The 14-headed hydra bites you.
The 14-headed hydra barely misses you. The 14-headed hydra misses you.
The 14-headed hydra bites you but does no damage.
The 14-headed hydra bites you. You block the 14-headed hydra's attack.
The 14-headed hydra completely misses you.
The 14-headed hydra bites you.
13278 ||| READING 2 scrolls of teleportation.
As you read the scroll of teleportation, it crumbles to dust.
You feel strangely unstable.
The 14-headed hydra bites you but does no damage.
You block the 14-headed hydra's attack. x2; The 14-headed hydra bites you!
The 14-headed hydra bites you. You block the 14-headed hydra's attack.
The 14-headed hydra bites you. The 14-headed hydra closely misses you.
The 14-headed hydra completely misses you.
The 14-headed hydra bites you.
You die...

##......##
#....#....#
##.....###..
###P...### ..
#......# ##.
77777....##.##..
77.7777........
7
77D7.77...##P#.#
7P77@7.77.7###
## 7$$..77.7.7
7$_.7777.77


77$$P 7.7.7 7777777.77 777 You could see a 14-headed hydra.

Vanquished Creatures
  Gastronok (D:8)
  2 hydras
  A boulder beetle (Lair:1)
  2 two-headed ogres
  Joseph (D:7)
  4 black mambas
  An ice statue (D:9)
  7 cane toads
  An unseen horror zombie (D:9)
  Psyche (D:8)
  2 komodo dragons
  A polar bear (Lair:1)
  A merfolk (Lair:2)
  Sigmund (D:8)
  A steam dragon (Lair:2)
  23 yaks
  Menkaure (D:7)
  An acid dragon (D:9)
  Duvessa (D:4)
  5 water moccasins
  A black bear (D:6)
  An orc warrior (D:6)
  A sky beast (D:7)
  An ogre (D:4)
  10 wolves
  3 centaurs
  A kobold brigand (D:9)
  4 necrophages
  11 bullfrogs
  3 scorpions
  7 wights (D:9)
  Dowan (D:4)
  8 killer bees
  5 howler monkeys
  2 vampire bats (Lair:1)
  4 centaur zombies (D:9)
  2 hounds (D:6)
  A human zombie (D:9)
  3 orc priests
  2 gnoll boudas
  3 iguanas (D:5)
  3 orc wizards
  11 gnolls
  10 adders
  A shadow imp (D:7)
  2 ufetubi (D:6)
  3 worms
  2 dart slugs (D:5)
  25 orcs
  10 bats
  4 endoplasms
  9 giant cockroaches
  9 goblins
  6 hobgoblins
  10 quokkas
  9 ball pythons
  8 frilled lizards
  11 kobolds
  5 rats
270 creatures vanquished.

Vanquished Creatures (others)
  11 fungi
  7 plants
18 creatures vanquished.

Grand Total: 288 creatures vanquished

Notes
Turn   | Place    | Note
-------+----------+-------------------------------------------
     0 | D:1      | qw the Troll Cinder Acolyte began the quest for the Orb.
     0 | D:1      | Reached XP level 1. HP: 22/22 MP: 1/1
     0 | D:1      | 0 ||| qw: Version: 0.1-a-100-g36b9a1f
     0 | D:1      | 0 ||| qw: Game counter: 5031
     0 | D:1      | 0 ||| qw: Always use a shield: true
     0 | D:1      | 0 ||| qw: God list: Okawaru
     0 | D:1      | 0 ||| qw: Allow faded altars: false
     0 | D:1      | 0 ||| qw: Do Orc after D:15 true
     0 | D:1      | 0 ||| qw: Do second Lair branch before Depths: true
     0 | D:1      | 0 ||| qw: Lair rune preference: random
     0 | D:1      | 0 ||| qw: Plans: Normal
     0 | D:1      | 0 ||| PLANNING D:1-11
    21 | D:1      | Found a faded altar of an unknown god.
   333 | D:1      | Reached XP level 2. HP: 29/29 MP: 2/2
   342 | D:1      | 342 ||| Stepping ~*~*~tactically~*~*~ (stealth).
   694 | D:1      | 694 ||| READING scroll labelled SIMOVU GUNITHRY.
   695 | D:1      | 695 ||| DRINKING 2 fuming red potions.
   696 | D:1      | 696 ||| DROPPING potion of flight.
   741 | D:2      | Found a stormy altar of Qazlal.
   760 | D:2      | Reached skill level 4 in Unarmed Combat
   868 | D:2      | 868 ||| Stepping ~*~*~tactically~*~*~ (stealth).
   886 | D:2      | Reached XP level 3. HP: 36/36 MP: 3/3
  1311 | D:2      | 1311 ||| READING scroll labelled ISKUV JUZXINK.
  1312 | D:2      | 1312 ||| READING scroll labelled REASIS KIRID.
  1313 | D:2      | 1313 ||| READING scroll labelled KAUDOC SEBLOIC.
  1314 | D:2      | 1314 ||| READING 2 scrolls labelled WIUKIT LANUOSCH.
  1317 | D:2      | 1317 ||| READING scroll labelled FUVUTI ICOTUNU.
  1318 | D:2      | 1318 ||| READING 2 scrolls labelled VUIWNE ECOC.
  1319 | D:2      | 1319 ||| DRINKING 3 murky orange potions.
  1320 | D:2      | 1320 ||| DROPPING 2 potions of attraction.
  2035 | D:3      | 2035 ||| UPGRADING to +0 cloak.
  2040 | D:3      | 2040 ||| READING scroll of enchant armour.
  2040 | D:3      | 2040 ||| ENCHANTING +0 cloak.
  2041 | D:3      | 2041 ||| READING scroll labelled EPTUAS BEBUTWE.
  2042 | D:3      | 2042 ||| READING scroll of teleportation.
  2061 | D:4      | Noticed an ogre
  2068 | D:4      | Killed an ogre
  2069 | D:4      | Reached skill level 5 in Unarmed Combat
  2069 | D:4      | Reached XP level 4. HP: 44/44 MP: 4/4
  2069 | D:4      | Reached XP level 5. HP: 50/50 MP: 5/5
  2263 | D:4      | Found a shadowy altar of Dithmenos.
  2532 | D:4      | Reached skill level 6 in Unarmed Combat
  2561 | D:4      | Noticed Duvessa
  2563 | D:4      | Noticed Dowan
  2565 | D:4      | 2565 ||| INVOKING Fiery Armour.
  2569 | D:4      | Killed Duvessa
  2570 | D:4      | Reached skill level 7 in Unarmed Combat
  2570 | D:4      | Reached XP level 6. HP: 59/59 MP: 6/6
  2570 | D:4      | Killed Dowan
  2598 | D:4      | Found a hazy altar of Hepliaklqana.
  2889 | D:4      | 2889 ||| UPGRADING to ring of poison resistance.
  2890 | D:4      | 2890 ||| UPGRADING to ring of see invisible.
  2891 | D:4      | 2891 ||| DRINKING 2 inky potions.
  2892 | D:4      | 2892 ||| DRINKING 2 sapphire potions.
  2893 | D:4      | 2893 ||| READING 2 scrolls of identify.
  2893 | D:4      | 2893 ||| IDENTIFYING red potion
  2894 | D:4      | 2894 ||| DROPPING potion of degeneration.
  2910 | D:5      | Entered Level 5 of the Dungeon
  2970 | D:5      | 2970 ||| INVOKING Fiery Armour.
  2985 | D:5      | 2985 ||| Stepping ~*~*~tactically~*~*~ (stealth).
  2989 | D:5      | Reached skill level 8 in Unarmed Combat
  3076 | D:5      | 3076 ||| Stepping ~*~*~tactically~*~*~ (stealth).
  3084 | D:5      | Reached XP level 7. HP: 66/66 MP: 7/7
  3147 | D:5      | 3147 ||| Stepping ~*~*~tactically~*~*~ (stealth).
  3151 | D:5      | 3151 ||| Stepping ~*~*~tactically~*~*~ (outnumbered).
  3259 | D:5      | 3259 ||| Stepping ~*~*~tactically~*~*~ (stealth).
  3264 | D:5      | Reached skill level 3 in Fighting
  3419 | D:5      | 3419 ||| UPGRADING to +2 cloak.
  3429 | D:5      | 3429 ||| DROPPING +1 cloak.
  3430 | D:5      | 3430 ||| READING scroll labelled JUMOIRAOCU.
  3431 | D:5      | 3431 ||| DRINKING 2 green potions.
  3431 | D:5      | Gained mutation: You have a pair of small horns on your
                  | head. [potion of mutation]
  3431 | D:5      | Gained mutation: Your flesh is cold resistant. (rC+)
                  | [potion of mutation]
  3455 | D:6      | 3455 ||| PLANNING SEWER
  3496 | D:6      | 3496 ||| Stepping ~*~*~tactically~*~*~ (hiding).
  3498 | D:6      | 3498 ||| Stepping ~*~*~tactically~*~*~ (hiding).
  3499 | D:6      | 3499 ||| Stepping ~*~*~tactically~*~*~ (hiding).
  3505 | D:6      | 3505 ||| Stepping ~*~*~tactically~*~*~ (hiding).
  3509 | D:6      | 3509 ||| Stepping ~*~*~tactically~*~*~ (hiding).
  3511 | D:6      | 3511 ||| Stepping ~*~*~tactically~*~*~ (hiding).
  3521 | D:6      | 3521 ||| Stepping ~*~*~tactically~*~*~ (outnumbered).
  3522 | D:6      | 3522 ||| Stepping ~*~*~tactically~*~*~ (outnumbered).
  3523 | D:6      | 3523 ||| Stepping ~*~*~tactically~*~*~ (outnumbered).
  3524 | D:6      | 3524 ||| Stepping ~*~*~tactically~*~*~ (outnumbered).
  3525 | D:6      | 3525 ||| Stepping ~*~*~tactically~*~*~ (outnumbered).
  3526 | D:6      | 3526 ||| Stepping ~*~*~tactically~*~*~ (outnumbered).
  3582 | D:6      | 3582 ||| Stepping ~*~*~tactically~*~*~ (stealth).
  3583 | D:6      | 3583 ||| Stepping ~*~*~tactically~*~*~ (stealth).
  3586 | D:6      | 3586 ||| Stepping ~*~*~tactically~*~*~ (stealth).
  3590 | D:6      | 3590 ||| Stepping ~*~*~tactically~*~*~ (outnumbered).
  3591 | D:6      | 3591 ||| Stepping ~*~*~tactically~*~*~ (outnumbered).
  3592 | D:6      | 3592 ||| Stepping ~*~*~tactically~*~*~ (outnumbered).
  3602 | D:6      | 3602 ||| Stepping ~*~*~tactically~*~*~ (stealth).
  3605 | D:6      | 3605 ||| Stepping ~*~*~tactically~*~*~ (stealth).
  3612 | D:6      | 3612 ||| Stepping ~*~*~tactically~*~*~ (outnumbered).
  3613 | D:6      | 3613 ||| Stepping ~*~*~tactically~*~*~ (outnumbered).
  3614 | D:6      | 3614 ||| Stepping ~*~*~tactically~*~*~ (outnumbered).
  3615 | D:6      | 3615 ||| Stepping ~*~*~tactically~*~*~ (outnumbered).
  3616 | D:6      | 3616 ||| Stepping ~*~*~tactically~*~*~ (outnumbered).
  3617 | D:6      | 3617 ||| Stepping ~*~*~tactically~*~*~ (outnumbered).
  3621 | D:6      | Reached skill level 9 in Unarmed Combat
  3664 | D:6      | Found a large runed translucent door.
  3664 | D:6      | Found a large runed translucent door.
  3668 | D:6      | Noticed qw's ghost (novice TrCA)
  3712 | D:6      | Reached skill level 1 in Dodging
  3815 | D:6      | Reached XP level 8. HP: 73/75 MP: 8/8
  3962 | D:6      | 3962 ||| Stepping ~*~*~tactically~*~*~ (outnumbered).
  3963 | D:6      | 3963 ||| Stepping ~*~*~tactically~*~*~ (outnumbered).
  3964 | D:6      | 3964 ||| Stepping ~*~*~tactically~*~*~ (outnumbered).
  3965 | D:6      | 3965 ||| Stepping ~*~*~tactically~*~*~ (outnumbered).
  3966 | D:6      | 3966 ||| Stepping ~*~*~tactically~*~*~ (outnumbered).
  3967 | D:6      | 3967 ||| Stepping ~*~*~tactically~*~*~ (outnumbered).
  3968 | D:6      | 3968 ||| Stepping ~*~*~tactically~*~*~ (outnumbered).
  3969 | D:6      | 3969 ||| Stepping ~*~*~tactically~*~*~ (outnumbered).
  3970 | D:6      | 3970 ||| Stepping ~*~*~tactically~*~*~ (outnumbered).
  3971 | D:6      | 3971 ||| Stepping ~*~*~tactically~*~*~ (outnumbered).
  3972 | D:6      | 3972 ||| Stepping ~*~*~tactically~*~*~ (outnumbered).
  3974 | D:6      | 3974 ||| Stepping ~*~*~tactically~*~*~ (outnumbered).
  3975 | D:6      | 3975 ||| Stepping ~*~*~tactically~*~*~ (outnumbered).
  3976 | D:6      | 3976 ||| Stepping ~*~*~tactically~*~*~ (outnumbered).
  3977 | D:6      | 3977 ||| Stepping ~*~*~tactically~*~*~ (outnumbered).
  3988 | D:6      | 3988 ||| INVOKING Fiery Armour.
  4069 | D:6      | Found a glowing drain.
  4070 | D:6      | 4070 ||| UPGRADING to amulet of the acrobat.
  4075 | D:6      | 4075 ||| DRINKING 2 grey potions.
  4105 | Sewer    | Entered a sewer
  4150 | Sewer    | 4150 ||| Stepping ~*~*~tactically~*~*~ (stealth).
  4193 | Sewer    | Reached skill level 10 in Unarmed Combat
  4616 | D:6      | 4616 ||| PLANNING D:1-11
  4660 | D:6      | Identified the +1 mace of the Tiger {speed, Int+3 Dex+2
                  | Stlth+}
  4719 | D:6      | 4719 ||| READING 4 scrolls of teleportation.
  4785 | D:7      | Reached skill level 1 in Throwing
  4792 | D:7      | 4792 ||| Stepping ~*~*~tactically~*~*~ (hiding).
  4903 | D:7      | Noticed Joseph
  4904 | D:7      | 4904 ||| Stepping ~*~*~tactically~*~*~ (hiding).
  4920 | D:7      | 4920 ||| INVOKING Fiery Armour.
  4921 | D:7      | Killed Joseph
  5004 | D:7      | Found a hide-covered altar of Uskayaw.
  5024 | D:7      | Found a staircase to the Ecumenical Temple.
  5232 | D:7      | 5232 ||| Stepping ~*~*~tactically~*~*~ (hiding).
  5236 | D:7      | 5236 ||| Stepping ~*~*~tactically~*~*~ (hiding).
  5238 | D:7      | 5238 ||| Stepping ~*~*~tactically~*~*~ (hiding).
  5244 | D:7      | Reached skill level 11 in Unarmed Combat
  5244 | D:7      | Found a flagged portal.
  5384 | D:7      | Noticed Menkaure
  5390 | D:7      | 5390 ||| INVOKING Fiery Armour.
  5391 | D:7      | Killed Menkaure
  5392 | D:7      | Reached XP level 9. HP: 34/84 MP: 9/9
  5540 | D:7      | 5540 ||| DRINKING 2 silvery potions.
  5541 | D:7      | 5541 ||| READING 2 scrolls of identify.
  5541 | D:7      | 5541 ||| IDENTIFYING bubbling orange potion
  5542 | D:7      | 5542 ||| DROPPING potion of brilliance.
  5584 | D:8      | 5584 ||| Stepping ~*~*~tactically~*~*~ (hiding).
  5586 | D:8      | 5586 ||| Stepping ~*~*~tactically~*~*~ (hiding).
  5596 | D:8      | 5596 ||| DRINKING 2 potions of curing.
  5596 | D:8      | 5596 ||| (to cure confusion)
  5635 | D:8      | Noticed a two-headed ogre
  5643 | D:8      | 5643 ||| INVOKING Fiery Armour.
  5644 | D:8      | Killed a two-headed ogre
  5645 | D:8      | Reached skill level 12 in Unarmed Combat
  5724 | D:8      | 5724 ||| Stepping ~*~*~tactically~*~*~ (stealth).
  5726 | D:8      | 5726 ||| Stepping ~*~*~tactically~*~*~ (hiding).
  5737 | D:8      | 5737 ||| Stepping ~*~*~tactically~*~*~ (hiding).
  5757 | D:8      | Noticed Sigmund
  5760 | D:8      | Killed Sigmund
  5789 | D:8      | 5789 ||| Stepping ~*~*~tactically~*~*~ (stealth).
  5797 | D:8      | Noticed Psyche
  5811 | D:8      | Reached skill level 13 in Unarmed Combat
  5813 | D:8      | Reached skill level 1 in Armour
  5817 | D:8      | Killed Psyche
  5818 | D:8      | Reached XP level 10. HP: 77/96 MP: 10/10
  5947 | D:8      | Noticed Gastronok
  5956 | D:8      | 5956 ||| Stepping ~*~*~tactically~*~*~ (outnumbered).
  5963 | D:8      | Killed Gastronok
  5964 | D:8      | Reached skill level 14 in Unarmed Combat
  6107 | D:8      | Found a snail-covered altar of Cheibriados.
  6135 | D:8      | 6135 ||| UPGRADING to +1 hat of see invisible.
  6140 | D:8      | 6140 ||| REMOVING ring of see invisible.
  6141 | D:8      | 6141 ||| UPGRADING to amulet of reflection.
  6151 | D:8      | 6151 ||| DROPPING amulet of the acrobat.
  6152 | D:8      | 6152 ||| UPGRADING to +4 ring of evasion.
  6153 | D:8      | 6153 ||| READING scroll labelled QAIWEA FURPHIN.
  6154 | D:8      | 6154 ||| READING scroll labelled ECSEKHOESS.
  6155 | D:8      | 6155 ||| DRINKING 2 emerald potions.
  6185 | D:8      | 6185 ||| READING 2 scrolls of identify.
  6185 | D:8      | 6185 ||| IDENTIFYING cyan potion
  6186 | D:8      | 6186 ||| DROPPING potion of lignification.
  6224 | D:9      | 6224 ||| INVOKING Fiery Armour.
  6229 | D:9      | 6229 ||| Stepping ~*~*~tactically~*~*~ (outnumbered).
  6231 | D:9      | 6231 ||| Stepping ~*~*~tactically~*~*~ (outnumbered).
  6233 | D:9      | 6233 ||| Stepping ~*~*~tactically~*~*~ (outnumbered).
  6234 | D:9      | 6234 ||| Stepping ~*~*~tactically~*~*~ (outnumbered).
  6236 | D:9      | 6236 ||| Stepping ~*~*~tactically~*~*~ (outnumbered).
  6237 | D:9      | 6237 ||| Stepping ~*~*~tactically~*~*~ (outnumbered).
  6238 | D:9      | 6238 ||| Stepping ~*~*~tactically~*~*~ (outnumbered).
  6333 | D:9      | 6333 ||| Stepping ~*~*~tactically~*~*~ (stealth).
  6350 | D:9      | Reached skill level 6 in Fighting
  6388 | D:9      | Noticed a two-headed ogre
  6396 | D:9      | Killed a two-headed ogre
  6438 | D:9      | Found a staircase to the Lair.
  6449 | D:9      | 6449 ||| READING scroll of enchant armour.
  6449 | D:9      | 6449 ||| ENCHANTING +1 hat of see invisible.
  6466 | D:9      | Found Josi's Hydra Hut.
  6474 | D:9      | Noticed a five-headed hydra
  6513 | D:9      | 6513 ||| Stepping ~*~*~tactically~*~*~ (stealth).
  6614 | D:9      | Found a white marble altar of Elyvilon.
  6741 | D:9      | Reached skill level 3 in Throwing
  6752 | D:9      | 6752 ||| Stepping ~*~*~tactically~*~*~ (outnumbered).
  6753 | D:9      | 6753 ||| Stepping ~*~*~tactically~*~*~ (outnumbered).
  6754 | D:9      | 6754 ||| Stepping ~*~*~tactically~*~*~ (outnumbered).
  6755 | D:9      | 6755 ||| Stepping ~*~*~tactically~*~*~ (outnumbered).
  6756 | D:9      | 6756 ||| Stepping ~*~*~tactically~*~*~ (outnumbered).
  6757 | D:9      | 6757 ||| Stepping ~*~*~tactically~*~*~ (outnumbered).
  6758 | D:9      | 6758 ||| Stepping ~*~*~tactically~*~*~ (outnumbered).
  6765 | D:9      | Reached skill level 15 in Unarmed Combat
  6837 | D:9      | Reached XP level 11. HP: 101/105 MP: 11/11
  6860 | D:9      | Found a basalt altar of Yredelemnul.
  7013 | D:9      | 7013 ||| INVOKING Fiery Armour.
  7311 | D:9      | 7311 ||| PLANNING LAIR
  7311 | D:9      | 7311 ||| UPGRADING to +0 acid dragon scales.
  7321 | D:9      | 7321 ||| DROPPING +0 robe.
  7322 | D:9      | 7322 ||| READING 4 scrolls of identify.
  7322 | D:9      | 7322 ||| IDENTIFYING bubbling silvery potion
  7323 | D:9      | 7323 ||| READING 3 scrolls of identify.
  7323 | D:9      | 7323 ||| IDENTIFYING pink potion
  7324 | D:9      | 7324 ||| READING 2 scrolls of identify.
  7324 | D:9      | 7324 ||| IDENTIFYING smoky silvery potion
  7325 | D:9      | 7325 ||| DROPPING potion of magic.
  7326 | D:9      | 7326 ||| DROPPING potion of ambrosia.
  7327 | D:9      | 7327 ||| DROPPING potion of invisibility.
  7387 | Lair:1   | Entered Level 1 of the Lair of Beasts
  7399 | Lair:1   | 7399 ||| INVOKING Fiery Armour.
  7404 | Lair:1   | Noticed an eight-headed hydra
  7408 | Lair:1   | 7408 ||| Stepping ~*~*~tactically~*~*~ (outnumbered).
  7409 | Lair:1   | 7409 ||| Stepping ~*~*~tactically~*~*~ (outnumbered).
  7416 | Lair:1   | HP: 19/105 [nine-headed hydra (9)]
  7416 | Lair:1   | Killed a nine-headed hydra
  7417 | Lair:1   | Reached skill level 3 in Armour
  7417 | Lair:1   | 7417 ||| READING 3 scrolls of teleportation.
  7417 | Lair:1   | HP: 7/105 [wolf (3)]
  7418 | Lair:1   | 7418 ||| DRINKING 2 potions of heal wounds.
  7419 | Lair:1   | 7419 ||| DRINKING potion of heal wounds.
  7428 | Lair:1   | 7428 ||| Stepping ~*~*~tactically~*~*~ (outnumbered).
  7492 | Lair:1   | Noticed a boulder beetle
  7505 | Lair:1   | 7505 ||| INVOKING Fiery Armour.
  7510 | Lair:1   | Killed a boulder beetle
  7511 | Lair:1   | Reached skill level 16 in Unarmed Combat
  7709 | Lair:1   | 7709 ||| INVOKING Fiery Armour.
  7713 | Lair:1   | 7713 ||| Stepping ~*~*~tactically~*~*~ (outnumbered).
  7714 | Lair:1   | 7714 ||| Stepping ~*~*~tactically~*~*~ (outnumbered).
  7715 | Lair:1   | 7715 ||| Stepping ~*~*~tactically~*~*~ (outnumbered).
  7716 | Lair:1   | 7716 ||| Stepping ~*~*~tactically~*~*~ (outnumbered).
  7718 | Lair:1   | 7718 ||| Stepping ~*~*~tactically~*~*~ (outnumbered).
  7724 | Lair:1   | 7724 ||| Stepping ~*~*~tactically~*~*~ (outnumbered).
  7725 | Lair:1   | 7725 ||| Stepping ~*~*~tactically~*~*~ (outnumbered).
  7726 | Lair:1   | 7726 ||| Stepping ~*~*~tactically~*~*~ (outnumbered).
  7728 | Lair:1   | 7728 ||| Stepping ~*~*~tactically~*~*~ (outnumbered).
  7729 | Lair:1   | 7729 ||| Stepping ~*~*~tactically~*~*~ (outnumbered).
  7730 | Lair:1   | 7730 ||| Stepping ~*~*~tactically~*~*~ (outnumbered).
  7731 | Lair:1   | 7731 ||| Stepping ~*~*~tactically~*~*~ (outnumbered).
  7732 | Lair:1   | 7732 ||| Stepping ~*~*~tactically~*~*~ (outnumbered).
  8361 | Lair:1   | Reached XP level 12. HP: 118/118 MP: 12/12
  8395 | Lair:1   | 8395 ||| DRINKING 2 ruby potions.
  8473 | Lair:2   | 8473 ||| Stepping ~*~*~tactically~*~*~ (outnumbered).
  8474 | Lair:2   | 8474 ||| Stepping ~*~*~tactically~*~*~ (outnumbered).
  8546 | Lair:2   | 8546 ||| Stepping ~*~*~tactically~*~*~ (stealth).
  8550 | Lair:2   | 8550 ||| Stepping ~*~*~tactically~*~*~ (stealth).
  8554 | Lair:2   | Reached skill level 17 in Unarmed Combat
  8579 | Lair:2   | 8579 ||| Stepping ~*~*~tactically~*~*~ (stealth).
  8928 | Lair:2   | Found a staircase to the Shoals.
  8963 | Lair:2   | Noticed an eight-headed hydra
  8964 | Lair:2   | 8964 ||| INVOKING Fiery Armour.
  8970 | Lair:2   | Killed a nine-headed hydra
  9269 | Lair:3   | Found a dark tunnel.
  9272 | Lair:3   | Noticed a seven-headed hydra
  9273 | Lair:3   | 9273 ||| Stepping ~*~*~tactically~*~*~ (stealth).
  9302 | Lair:3   | Found a blossoming altar of Fedhas.
  9306 | Lair:3   | 9306 ||| INVOKING Fiery Armour.
  9308 | Lair:3   | 9308 ||| Stepping ~*~*~tactically~*~*~ (outnumbered).
  9313 | Lair:3   | 9313 ||| Stepping ~*~*~tactically~*~*~ (outnumbered).
  9315 | Lair:3   | 9315 ||| Stepping ~*~*~tactically~*~*~ (outnumbered).
  9317 | Lair:3   | 9317 ||| Stepping ~*~*~tactically~*~*~ (outnumbered).
  9319 | Lair:3   | 9319 ||| Stepping ~*~*~tactically~*~*~ (outnumbered).
  9321 | Lair:3   | 9321 ||| Stepping ~*~*~tactically~*~*~ (outnumbered).
  9424 | Lair:3   | 9424 ||| Stepping ~*~*~tactically~*~*~ (outnumbered).
  9538 | Lair:3   | 9538 ||| Stepping ~*~*~tactically~*~*~ (outnumbered).
  9548 | Lair:3   | 9548 ||| Stepping ~*~*~tactically~*~*~ (outnumbered).
  9550 | Lair:3   | 9550 ||| Stepping ~*~*~tactically~*~*~ (outnumbered).
  9552 | Lair:3   | 9552 ||| Stepping ~*~*~tactically~*~*~ (outnumbered).
  9554 | Lair:3   | 9554 ||| Stepping ~*~*~tactically~*~*~ (outnumbered).
  9556 | Lair:3   | 9556 ||| Stepping ~*~*~tactically~*~*~ (outnumbered).
  9563 | Lair:3   | 9563 ||| Stepping ~*~*~tactically~*~*~ (outnumbered).
  9565 | Lair:3   | 9565 ||| Stepping ~*~*~tactically~*~*~ (outnumbered).
  9567 | Lair:3   | 9567 ||| Stepping ~*~*~tactically~*~*~ (outnumbered).
  9569 | Lair:3   | 9569 ||| Stepping ~*~*~tactically~*~*~ (outnumbered).
  9579 | Lair:3   | 9579 ||| Stepping ~*~*~tactically~*~*~ (outnumbered).
  9581 | Lair:3   | 9581 ||| Stepping ~*~*~tactically~*~*~ (outnumbered).
  9583 | Lair:3   | 9583 ||| Stepping ~*~*~tactically~*~*~ (outnumbered).
  9591 | Lair:3   | 9591 ||| Stepping ~*~*~tactically~*~*~ (outnumbered).
  9593 | Lair:3   | 9593 ||| Stepping ~*~*~tactically~*~*~ (outnumbered).
  9601 | Lair:3   | 9601 ||| Stepping ~*~*~tactically~*~*~ (outnumbered).
  9603 | Lair:3   | 9603 ||| Stepping ~*~*~tactically~*~*~ (outnumbered).
  9610 | Lair:3   | 9610 ||| Stepping ~*~*~tactically~*~*~ (outnumbered).
  9612 | Lair:3   | 9612 ||| Stepping ~*~*~tactically~*~*~ (outnumbered).
  9616 | Lair:3   | 9616 ||| Stepping ~*~*~tactically~*~*~ (outnumbered).
  9626 | Lair:3   | 9626 ||| Stepping ~*~*~tactically~*~*~ (outnumbered).
  9634 | Lair:3   | 9634 ||| Stepping ~*~*~tactically~*~*~ (outnumbered).
  9636 | Lair:3   | 9636 ||| Stepping ~*~*~tactically~*~*~ (outnumbered).
  9638 | Lair:3   | 9638 ||| Stepping ~*~*~tactically~*~*~ (outnumbered).
  9640 | Lair:3   | 9640 ||| Stepping ~*~*~tactically~*~*~ (outnumbered).
  9644 | Lair:3   | 9644 ||| Stepping ~*~*~tactically~*~*~ (outnumbered).
  9646 | Lair:3   | 9646 ||| Stepping ~*~*~tactically~*~*~ (outnumbered).
  9648 | Lair:3   | 9648 ||| Stepping ~*~*~tactically~*~*~ (outnumbered).
  9650 | Lair:3   | 9650 ||| Stepping ~*~*~tactically~*~*~ (outnumbered).
  9661 | Lair:3   | 9661 ||| Stepping ~*~*~tactically~*~*~ (outnumbered).
  9671 | Lair:3   | 9671 ||| Stepping ~*~*~tactically~*~*~ (outnumbered).
  9690 | Lair:3   | 9690 ||| Stepping ~*~*~tactically~*~*~ (outnumbered).
  9698 | Lair:3   | 9698 ||| Stepping ~*~*~tactically~*~*~ (outnumbered).
  9700 | Lair:3   | 9700 ||| Stepping ~*~*~tactically~*~*~ (outnumbered).
  9714 | Lair:3   | 9714 ||| Stepping ~*~*~tactically~*~*~ (outnumbered).
  9722 | Lair:3   | 9722 ||| Stepping ~*~*~tactically~*~*~ (outnumbered).
  9730 | Lair:3   | 9730 ||| Stepping ~*~*~tactically~*~*~ (outnumbered).
  9732 | Lair:3   | 9732 ||| Stepping ~*~*~tactically~*~*~ (outnumbered).
  9735 | Lair:3   | 9735 ||| Stepping ~*~*~tactically~*~*~ (outnumbered).
  9737 | Lair:3   | 9737 ||| Stepping ~*~*~tactically~*~*~ (outnumbered).
  9746 | Lair:3   | 9746 ||| Stepping ~*~*~tactically~*~*~ (outnumbered).
  9859 | Lair:3   | 9859 ||| Stepping ~*~*~tactically~*~*~ (outnumbered).
  9861 | Lair:3   | 9861 ||| Stepping ~*~*~tactically~*~*~ (outnumbered).
  9863 | Lair:3   | 9863 ||| Stepping ~*~*~tactically~*~*~ (outnumbered).
  9865 | Lair:3   | 9865 ||| Stepping ~*~*~tactically~*~*~ (outnumbered).
  9867 | Lair:3   | 9867 ||| Stepping ~*~*~tactically~*~*~ (outnumbered).
  9981 | Lair:3   | 9981 ||| Stepping ~*~*~tactically~*~*~ (outnumbered).
 10097 | Lair:3   | 10097 ||| Stepping ~*~*~tactically~*~*~ (outnumbered).
 10112 | Lair:3   | 10112 ||| Stepping ~*~*~tactically~*~*~ (outnumbered).
 10117 | Lair:3   | 10117 ||| Stepping ~*~*~tactically~*~*~ (outnumbered).
 10119 | Lair:3   | 10119 ||| Stepping ~*~*~tactically~*~*~ (outnumbered).
 10130 | Lair:3   | 10130 ||| Stepping ~*~*~tactically~*~*~ (outnumbered).
 10138 | Lair:3   | 10138 ||| Stepping ~*~*~tactically~*~*~ (outnumbered).
 10140 | Lair:3   | 10140 ||| Stepping ~*~*~tactically~*~*~ (outnumbered).
 10148 | Lair:3   | 10148 ||| Stepping ~*~*~tactically~*~*~ (outnumbered).
 10259 | Lair:3   | 10259 ||| Stepping ~*~*~tactically~*~*~ (outnumbered).
 10261 | Lair:3   | 10261 ||| Stepping ~*~*~tactically~*~*~ (outnumbered).
 10265 | Lair:3   | 10265 ||| Stepping ~*~*~tactically~*~*~ (outnumbered).
 10267 | Lair:3   | 10267 ||| Stepping ~*~*~tactically~*~*~ (outnumbered).
 10280 | Lair:3   | 10280 ||| Stepping ~*~*~tactically~*~*~ (outnumbered).
 10287 | Lair:3   | 10287 ||| Stepping ~*~*~tactically~*~*~ (outnumbered).
 10289 | Lair:3   | 10289 ||| Stepping ~*~*~tactically~*~*~ (outnumbered).
 10299 | Lair:3   | 10299 ||| Stepping ~*~*~tactically~*~*~ (outnumbered).
 10401 | Lair:3   | 10401 ||| Stepping ~*~*~tactically~*~*~ (outnumbered).
 10403 | Lair:3   | 10403 ||| Stepping ~*~*~tactically~*~*~ (outnumbered).
 10405 | Lair:3   | 10405 ||| Stepping ~*~*~tactically~*~*~ (outnumbered).
 10516 | Lair:3   | 10516 ||| Stepping ~*~*~tactically~*~*~ (outnumbered).
 10518 | Lair:3   | 10518 ||| Stepping ~*~*~tactically~*~*~ (outnumbered).
 10524 | Lair:3   | 10524 ||| Stepping ~*~*~tactically~*~*~ (outnumbered).
 10629 | Lair:3   | 10629 ||| Stepping ~*~*~tactically~*~*~ (outnumbered).
 10639 | Lair:3   | 10639 ||| Stepping ~*~*~tactically~*~*~ (outnumbered).
 10641 | Lair:3   | 10641 ||| Stepping ~*~*~tactically~*~*~ (outnumbered).
 10646 | Lair:3   | 10646 ||| Stepping ~*~*~tactically~*~*~ (outnumbered).
 10657 | Lair:3   | 10657 ||| Stepping ~*~*~tactically~*~*~ (outnumbered).
 10659 | Lair:3   | 10659 ||| Stepping ~*~*~tactically~*~*~ (outnumbered).
 10661 | Lair:3   | 10661 ||| Stepping ~*~*~tactically~*~*~ (outnumbered).
 10671 | Lair:3   | 10671 ||| Stepping ~*~*~tactically~*~*~ (outnumbered).
 10683 | Lair:3   | 10683 ||| Stepping ~*~*~tactically~*~*~ (outnumbered).
 10707 | Lair:3   | 10707 ||| Stepping ~*~*~tactically~*~*~ (outnumbered).
 10718 | Lair:3   | 10718 ||| Stepping ~*~*~tactically~*~*~ (outnumbered).
 10720 | Lair:3   | 10720 ||| Stepping ~*~*~tactically~*~*~ (outnumbered).
 10726 | Lair:3   | 10726 ||| Stepping ~*~*~tactically~*~*~ (outnumbered).
 10728 | Lair:3   | 10728 ||| Stepping ~*~*~tactically~*~*~ (outnumbered).
 10741 | Lair:3   | 10741 ||| Stepping ~*~*~tactically~*~*~ (outnumbered).
 10743 | Lair:3   | 10743 ||| Stepping ~*~*~tactically~*~*~ (outnumbered).
 10745 | Lair:3   | 10745 ||| Stepping ~*~*~tactically~*~*~ (outnumbered).
 10747 | Lair:3   | 10747 ||| Stepping ~*~*~tactically~*~*~ (outnumbered).
 10749 | Lair:3   | 10749 ||| Stepping ~*~*~tactically~*~*~ (outnumbered).
 10760 | Lair:3   | 10760 ||| Stepping ~*~*~tactically~*~*~ (outnumbered).
 10762 | Lair:3   | 10762 ||| Stepping ~*~*~tactically~*~*~ (outnumbered).
 10768 | Lair:3   | 10768 ||| Stepping ~*~*~tactically~*~*~ (outnumbered).
 10886 | Lair:3   | 10886 ||| Stepping ~*~*~tactically~*~*~ (outnumbered).
 10888 | Lair:3   | 10888 ||| Stepping ~*~*~tactically~*~*~ (outnumbered).
 10890 | Lair:3   | 10890 ||| Stepping ~*~*~tactically~*~*~ (outnumbered).
 10892 | Lair:3   | 10892 ||| Stepping ~*~*~tactically~*~*~ (outnumbered).
 11000 | Lair:3   | 11000 ||| Stepping ~*~*~tactically~*~*~ (outnumbered).
 11102 | Lair:3   | 11102 ||| Stepping ~*~*~tactically~*~*~ (outnumbered).
 11109 | Lair:3   | 11109 ||| Stepping ~*~*~tactically~*~*~ (outnumbered).
 11118 | Lair:3   | 11118 ||| Stepping ~*~*~tactically~*~*~ (outnumbered).
 11120 | Lair:3   | 11120 ||| Stepping ~*~*~tactically~*~*~ (outnumbered).
 11122 | Lair:3   | 11122 ||| Stepping ~*~*~tactically~*~*~ (outnumbered).
 11135 | Lair:3   | 11135 ||| Stepping ~*~*~tactically~*~*~ (outnumbered).
 11137 | Lair:3   | 11137 ||| Stepping ~*~*~tactically~*~*~ (outnumbered).
 11152 | Lair:3   | 11152 ||| Stepping ~*~*~tactically~*~*~ (outnumbered).
 11154 | Lair:3   | 11154 ||| Stepping ~*~*~tactically~*~*~ (outnumbered).
 11156 | Lair:3   | 11156 ||| Stepping ~*~*~tactically~*~*~ (outnumbered).
 11158 | Lair:3   | 11158 ||| Stepping ~*~*~tactically~*~*~ (outnumbered).
 11160 | Lair:3   | 11160 ||| Stepping ~*~*~tactically~*~*~ (outnumbered).
 11263 | Lair:3   | 11263 ||| Stepping ~*~*~tactically~*~*~ (outnumbered).
 11265 | Lair:3   | 11265 ||| Stepping ~*~*~tactically~*~*~ (outnumbered).
 11267 | Lair:3   | 11267 ||| Stepping ~*~*~tactically~*~*~ (outnumbered).
 11269 | Lair:3   | 11269 ||| Stepping ~*~*~tactically~*~*~ (outnumbered).
 11284 | Lair:3   | 11284 ||| Stepping ~*~*~tactically~*~*~ (outnumbered).
 11290 | Lair:3   | 11290 ||| Stepping ~*~*~tactically~*~*~ (outnumbered).
 11292 | Lair:3   | 11292 ||| Stepping ~*~*~tactically~*~*~ (outnumbered).
 11300 | Lair:3   | 11300 ||| Stepping ~*~*~tactically~*~*~ (outnumbered).
 11411 | Lair:3   | 11411 ||| Stepping ~*~*~tactically~*~*~ (outnumbered).
 11419 | Lair:3   | 11419 ||| Stepping ~*~*~tactically~*~*~ (outnumbered).
 11422 | Lair:3   | 11422 ||| Stepping ~*~*~tactically~*~*~ (outnumbered).
 11424 | Lair:3   | 11424 ||| Stepping ~*~*~tactically~*~*~ (outnumbered).
 11440 | Lair:3   | 11440 ||| Stepping ~*~*~tactically~*~*~ (outnumbered).
 11442 | Lair:3   | 11442 ||| Stepping ~*~*~tactically~*~*~ (outnumbered).
 11444 | Lair:3   | 11444 ||| Stepping ~*~*~tactically~*~*~ (outnumbered).
 11457 | Lair:3   | 11457 ||| Stepping ~*~*~tactically~*~*~ (outnumbered).
 11459 | Lair:3   | 11459 ||| Stepping ~*~*~tactically~*~*~ (outnumbered).
 11567 | Lair:3   | 11567 ||| Stepping ~*~*~tactically~*~*~ (outnumbered).
 11579 | Lair:3   | 11579 ||| Stepping ~*~*~tactically~*~*~ (outnumbered).
 11585 | Lair:3   | 11585 ||| Stepping ~*~*~tactically~*~*~ (outnumbered).
 11587 | Lair:3   | 11587 ||| Stepping ~*~*~tactically~*~*~ (outnumbered).
 11589 | Lair:3   | 11589 ||| Stepping ~*~*~tactically~*~*~ (outnumbered).
 11593 | Lair:3   | 11593 ||| Stepping ~*~*~tactically~*~*~ (outnumbered).
 11601 | Lair:3   | 11601 ||| Stepping ~*~*~tactically~*~*~ (outnumbered).
 11603 | Lair:3   | 11603 ||| Stepping ~*~*~tactically~*~*~ (outnumbered).
 11714 | Lair:3   | 11714 ||| Stepping ~*~*~tactically~*~*~ (outnumbered).
 11830 | Lair:3   | 11830 ||| Stepping ~*~*~tactically~*~*~ (outnumbered).
 11836 | Lair:3   | 11836 ||| Stepping ~*~*~tactically~*~*~ (outnumbered).
 11839 | Lair:3   | 11839 ||| Stepping ~*~*~tactically~*~*~ (outnumbered).
 11858 | Lair:3   | 11858 ||| Stepping ~*~*~tactically~*~*~ (outnumbered).
 11860 | Lair:3   | 11860 ||| Stepping ~*~*~tactically~*~*~ (outnumbered).
 11862 | Lair:3   | 11862 ||| Stepping ~*~*~tactically~*~*~ (outnumbered).
 11881 | Lair:3   | 11881 ||| Stepping ~*~*~tactically~*~*~ (outnumbered).
 11887 | Lair:3   | 11887 ||| Stepping ~*~*~tactically~*~*~ (outnumbered).
 11889 | Lair:3   | 11889 ||| Stepping ~*~*~tactically~*~*~ (outnumbered).
 11899 | Lair:3   | 11899 ||| Stepping ~*~*~tactically~*~*~ (outnumbered).
 11903 | Lair:3   | 11903 ||| Stepping ~*~*~tactically~*~*~ (outnumbered).
 12005 | Lair:3   | 12005 ||| Stepping ~*~*~tactically~*~*~ (outnumbered).
 12007 | Lair:3   | 12007 ||| Stepping ~*~*~tactically~*~*~ (outnumbered).
 12019 | Lair:3   | 12019 ||| Stepping ~*~*~tactically~*~*~ (outnumbered).
 12024 | Lair:3   | 12024 ||| Stepping ~*~*~tactically~*~*~ (outnumbered).
 12026 | Lair:3   | 12026 ||| Stepping ~*~*~tactically~*~*~ (outnumbered).
 12028 | Lair:3   | 12028 ||| Stepping ~*~*~tactically~*~*~ (outnumbered).
 12030 | Lair:3   | 12030 ||| Stepping ~*~*~tactically~*~*~ (outnumbered).
 12039 | Lair:3   | 12039 ||| Stepping ~*~*~tactically~*~*~ (outnumbered).
 12041 | Lair:3   | 12041 ||| Stepping ~*~*~tactically~*~*~ (outnumbered).
 12043 | Lair:3   | 12043 ||| Stepping ~*~*~tactically~*~*~ (outnumbered).
 12045 | Lair:3   | 12045 ||| Stepping ~*~*~tactically~*~*~ (outnumbered).
 12047 | Lair:3   | 12047 ||| Stepping ~*~*~tactically~*~*~ (outnumbered).
 12058 | Lair:3   | 12058 ||| Stepping ~*~*~tactically~*~*~ (outnumbered).
 12068 | Lair:3   | 12068 ||| Stepping ~*~*~tactically~*~*~ (outnumbered).
 12070 | Lair:3   | 12070 ||| Stepping ~*~*~tactically~*~*~ (outnumbered).
 12072 | Lair:3   | 12072 ||| Stepping ~*~*~tactically~*~*~ (outnumbered).
 12074 | Lair:3   | 12074 ||| Stepping ~*~*~tactically~*~*~ (outnumbered).
 12090 | Lair:3   | 12090 ||| Stepping ~*~*~tactically~*~*~ (outnumbered).
 12102 | Lair:3   | 12102 ||| Stepping ~*~*~tactically~*~*~ (outnumbered).
 12117 | Lair:3   | 12117 ||| Stepping ~*~*~tactically~*~*~ (outnumbered).
 12124 | Lair:3   | 12124 ||| Stepping ~*~*~tactically~*~*~ (outnumbered).
 12134 | Lair:3   | 12134 ||| Stepping ~*~*~tactically~*~*~ (outnumbered).
 12146 | Lair:3   | 12146 ||| Stepping ~*~*~tactically~*~*~ (outnumbered).
 12148 | Lair:3   | 12148 ||| Stepping ~*~*~tactically~*~*~ (outnumbered).
 12253 | Lair:3   | 12253 ||| Stepping ~*~*~tactically~*~*~ (outnumbered).
 12255 | Lair:3   | 12255 ||| Stepping ~*~*~tactically~*~*~ (outnumbered).
 12257 | Lair:3   | 12257 ||| Stepping ~*~*~tactically~*~*~ (outnumbered).
 12259 | Lair:3   | 12259 ||| Stepping ~*~*~tactically~*~*~ (outnumbered).
 12262 | Lair:3   | 12262 ||| Stepping ~*~*~tactically~*~*~ (outnumbered).
 12264 | Lair:3   | 12264 ||| Stepping ~*~*~tactically~*~*~ (outnumbered).
 12268 | Lair:3   | 12268 ||| Stepping ~*~*~tactically~*~*~ (outnumbered).
 12274 | Lair:3   | 12274 ||| Stepping ~*~*~tactically~*~*~ (outnumbered).
 12284 | Lair:3   | 12284 ||| Stepping ~*~*~tactically~*~*~ (outnumbered).
 12286 | Lair:3   | 12286 ||| Stepping ~*~*~tactically~*~*~ (outnumbered).
 12292 | Lair:3   | 12292 ||| Stepping ~*~*~tactically~*~*~ (outnumbered).
 12296 | Lair:3   | 12296 ||| Stepping ~*~*~tactically~*~*~ (outnumbered).
 12304 | Lair:3   | 12304 ||| Stepping ~*~*~tactically~*~*~ (outnumbered).
 12309 | Lair:3   | 12309 ||| Stepping ~*~*~tactically~*~*~ (outnumbered).
 12311 | Lair:3   | 12311 ||| Stepping ~*~*~tactically~*~*~ (outnumbered).
 12322 | Lair:3   | 12322 ||| Stepping ~*~*~tactically~*~*~ (outnumbered).
 12324 | Lair:3   | 12324 ||| Stepping ~*~*~tactically~*~*~ (outnumbered).
 12435 | Lair:3   | 12435 ||| Stepping ~*~*~tactically~*~*~ (outnumbered).
 12444 | Lair:3   | 12444 ||| Stepping ~*~*~tactically~*~*~ (outnumbered).
 12451 | Lair:3   | 12451 ||| Stepping ~*~*~tactically~*~*~ (outnumbered).
 12453 | Lair:3   | 12453 ||| Stepping ~*~*~tactically~*~*~ (outnumbered).
 12564 | Lair:3   | 12564 ||| Stepping ~*~*~tactically~*~*~ (outnumbered).
 12566 | Lair:3   | 12566 ||| Stepping ~*~*~tactically~*~*~ (outnumbered).
 12574 | Lair:3   | 12574 ||| Stepping ~*~*~tactically~*~*~ (outnumbered).
 12576 | Lair:3   | 12576 ||| Stepping ~*~*~tactically~*~*~ (outnumbered).
 12587 | Lair:3   | 12587 ||| Stepping ~*~*~tactically~*~*~ (outnumbered).
 12696 | Lair:3   | 12696 ||| Stepping ~*~*~tactically~*~*~ (outnumbered).
 12698 | Lair:3   | 12698 ||| Stepping ~*~*~tactically~*~*~ (outnumbered).
 12700 | Lair:3   | 12700 ||| Stepping ~*~*~tactically~*~*~ (outnumbered).
 12808 | Lair:3   | 12808 ||| Stepping ~*~*~tactically~*~*~ (outnumbered).
 12819 | Lair:3   | 12819 ||| Stepping ~*~*~tactically~*~*~ (outnumbered).
 12821 | Lair:3   | 12821 ||| Stepping ~*~*~tactically~*~*~ (outnumbered).
 12828 | Lair:3   | 12828 ||| Stepping ~*~*~tactically~*~*~ (outnumbered).
 12830 | Lair:3   | 12830 ||| Stepping ~*~*~tactically~*~*~ (outnumbered).
 12835 | Lair:3   | 12835 ||| Stepping ~*~*~tactically~*~*~ (outnumbered).
 12841 | Lair:3   | 12841 ||| Stepping ~*~*~tactically~*~*~ (outnumbered).
 12852 | Lair:3   | 12852 ||| Stepping ~*~*~tactically~*~*~ (outnumbered).
 12854 | Lair:3   | 12854 ||| Stepping ~*~*~tactically~*~*~ (outnumbered).
 12859 | Lair:3   | 12859 ||| Stepping ~*~*~tactically~*~*~ (outnumbered).
 12866 | Lair:3   | 12866 ||| Stepping ~*~*~tactically~*~*~ (outnumbered).
 12872 | Lair:3   | 12872 ||| Stepping ~*~*~tactically~*~*~ (outnumbered).
 12875 | Lair:3   | 12875 ||| Stepping ~*~*~tactically~*~*~ (outnumbered).
 12883 | Lair:3   | 12883 ||| Stepping ~*~*~tactically~*~*~ (outnumbered).
 12885 | Lair:3   | 12885 ||| Stepping ~*~*~tactically~*~*~ (outnumbered).
 12887 | Lair:3   | 12887 ||| Stepping ~*~*~tactically~*~*~ (outnumbered).
 12893 | Lair:3   | 12893 ||| Stepping ~*~*~tactically~*~*~ (outnumbered).
 12905 | Lair:3   | 12905 ||| Stepping ~*~*~tactically~*~*~ (outnumbered).
 12907 | Lair:3   | 12907 ||| Stepping ~*~*~tactically~*~*~ (outnumbered).
 12963 | Lair:3   | 12963 ||| Stepping ~*~*~tactically~*~*~ (outnumbered).
 12965 | Lair:3   | 12965 ||| Stepping ~*~*~tactically~*~*~ (outnumbered).
 12967 | Lair:3   | 12967 ||| Stepping ~*~*~tactically~*~*~ (outnumbered).
 12969 | Lair:3   | 12969 ||| Stepping ~*~*~tactically~*~*~ (outnumbered).
 12971 | Lair:3   | 12971 ||| Stepping ~*~*~tactically~*~*~ (outnumbered).
 12973 | Lair:3   | 12973 ||| Stepping ~*~*~tactically~*~*~ (outnumbered).
 13077 | Lair:3   | 13077 ||| Stepping ~*~*~tactically~*~*~ (outnumbered).
 13079 | Lair:3   | 13079 ||| Stepping ~*~*~tactically~*~*~ (outnumbered).
 13081 | Lair:3   | 13081 ||| Stepping ~*~*~tactically~*~*~ (outnumbered).
 13083 | Lair:3   | 13083 ||| Stepping ~*~*~tactically~*~*~ (outnumbered).
 13090 | Lair:3   | 13090 ||| Stepping ~*~*~tactically~*~*~ (outnumbered).
 13198 | Lair:3   | 13198 ||| Stepping ~*~*~tactically~*~*~ (outnumbered).
 13200 | Lair:3   | 13200 ||| Stepping ~*~*~tactically~*~*~ (outnumbered).
 13202 | Lair:3   | 13202 ||| Stepping ~*~*~tactically~*~*~ (outnumbered).
 13204 | Lair:3   | 13204 ||| Stepping ~*~*~tactically~*~*~ (outnumbered).
 13206 | Lair:3   | 13206 ||| Stepping ~*~*~tactically~*~*~ (outnumbered).
 13216 | Lair:3   | 13216 ||| Stepping ~*~*~tactically~*~*~ (outnumbered).
 13222 | Lair:3   | 13222 ||| Stepping ~*~*~tactically~*~*~ (outnumbered).
 13224 | Lair:3   | 13224 ||| Stepping ~*~*~tactically~*~*~ (outnumbered).
 13231 | Lair:3   | 13231 ||| Stepping ~*~*~tactically~*~*~ (outnumbered).
 13242 | Lair:3   | 13242 ||| Stepping ~*~*~tactically~*~*~ (outnumbered).
 13257 | Lair:3   | 13257 ||| Stepping ~*~*~tactically~*~*~ (outnumbered).
 13259 | Lair:3   | 13259 ||| Stepping ~*~*~tactically~*~*~ (outnumbered).
 13261 | Lair:3   | 13261 ||| Stepping ~*~*~tactically~*~*~ (outnumbered).
 13263 | Lair:3   | 13263 ||| Stepping ~*~*~tactically~*~*~ (outnumbered).
 13265 | Lair:3   | 13265 ||| Stepping ~*~*~tactically~*~*~ (outnumbered).
 13271 | Lair:3   | Noticed an eight-headed hydra
 13277 | Lair:3   | HP: 29/118 [14-headed hydra (8)]
 13278 | Lair:3   | 13278 ||| READING 2 scrolls of teleportation.
 13278 | Lair:3   | HP: 6/118 [14-headed hydra (11)]
 13278 | Lair:3   | Slain by a 14-headed hydra

Levels and vault maps discovered:
D:1:      pf_arrival_petrified_forest, layout_loops_cross,
          hellmonk_ecumenical_altar_slurped_away
D:2:      layout_loops_cross, basic_altar, minmay_between
D:3:      layout_basic
D:4:      layout_gridville, mainiacjoe_overflow_alcove_4,
          nicolae_hepliaklqana_hippocampus, uniq_duvessa
D:5:      layout_cave_pools, grunt_tough_drop
D:6:      layout_basic, ebering_ghost_disaster_area,
          cheibrodos_sewer_entry_sluice
D:7:      layout_basic, overflow_temple_1_default, temple_green, enter_bailey_5,
          uniq_menkaure, uniq_joseph
D:8:      layout_gridville, kennysheep_little_box, sigmund_army, uniq_psyche,
          uniq_gastronok
D:9:      layout_stronghold, lemuel_mausoleum_altar_yredelemnul,
          mainiacjoe_overflow_boulevard, lair_entry_dummy, minivault_16,
          dk_vineyard_2, small_statue_intersection, doesnt_shop_hydraphobe
Lair:1:   layout_cave_pods, roderic_batcave, beast_lair_carwin_11
Lair:2:   layout_hall_layers, elwin_shoals_entry_rooms, st_stairs_12,
          lemuel_fruit_tree, infiniplex_staircase_pool_2
Lair:3:   layout_misc_corridors, nicolae_spider_entry_orb_guardian,
          enter_volcano_1, hangedman_tree_tricks, grunt_megastairs_1,
          uniq_nergalle

Skill      XL: |  1  2  3  4  5  6  7  8  9 10 11 12 |
---------------+-------------------------------------+-----
Unarmed Combat | 4 5 7 8 9 11 13 15 16 17 | 17.2
Fighting       | 3 4 5 6 7 |  7.0
Dodging        | 1 2 |  2.1
Throwing       | 1 3 4 |  4.7
Armour         | 1 3 |  3.3
Spellcasting   | |  1.0
Fire Magic     | |  2.1

Action                   |  1- 3 |  4- 6 |  7- 9 | 10-12 || total
-------------------------+-------+-------+-------+-------++-------
Melee: Unarmed           |    96 |    41 |   271 |   303 ||   711
       Punch             |     2 |       |    14 |    18 ||    34
       Headbutt          |       |       |    28 |    38 ||    66
Throw: Boomerang         |       |       |     9 |    67 ||    76
       Javelin           |       |       |       |    33 ||    33
Invok: Fiery Armour      |       |     2 |     4 |     7 ||    13
  Use: Scroll            |    10 |     1 |     3 |     9 ||    23
       Potion            |     2 |     2 |     4 |     4 ||    12
Armor: Robe              |    17 |    11 |    76 |    30 ||   134
       Acid dragon scale |       |       |       |    79 ||    79
Dodge: Dodged            |    32 |     8 |    89 |   191 ||   320
Block: Other             |       |       |       |    67 ||    67
       Reflection        |       |       |       |     5 ||     5

Table legend:
 A = Non-vault XP
 B = Vault XP
 C = Vault XP percentage of total XP
 D = Non-vault monster count
 E = Vault monster count
 F = Vault count percentage of total count
                 A         B        C        D         E       F
            +---------+---------+-------+---------+---------+-------
      Total |   20043 |    6088 |  23.3 |     191 |      79 |  29.3
            +---------+---------+-------+---------+---------+-------
        D:1 |      22 |       2 |   8.3 |      15 |       1 |   6.2
        D:2 |      30 |       4 |  11.8 |       8 |       2 |  20.0
        D:3 |      32 |       0 |   0.0 |      10 |       0 |   0.0
        D:4 |     295 |     208 |  41.4 |      12 |       2 |  14.3
        D:5 |     319 |     190 |  37.3 |      14 |       6 |  30.0
        D:6 |     675 |       7 |   1.0 |      23 |       3 |  11.5
        D:7 |     251 |     650 |  72.1 |       4 |       6 |  60.0
        D:8 |    2649 |    2071 |  43.9 |      24 |       6 |  20.0
        D:9 |    3403 |    1549 |  31.3 |      32 |      13 |  28.9
     Lair:1 |    8451 |     952 |  10.1 |      30 |      11 |  26.8
     Lair:2 |    3526 |     282 |   7.4 |      16 |       1 |   5.9
     Lair:3 |     390 |       0 |   0.0 |       3 |       0 |   0.0
      Sewer |       0 |     173 | 100.0 |       0 |      28 | 100.0
            +---------+---------+-------+---------+---------+-------
